 Dungeon Crawl Stone Soup version 0.29.0-13-gc9e81de378 (webtiles) character file.

Game seed: 10496153041925884581

1380 mtoz the Cleaver (level 8, 0/105 HPs)
             Began as a Minotaur Berserker on Sept 8, 2022.
             Was a Priest of Trog.
             Succumbed to a gnoll's poison
             ... on level 6 of the Dungeon.
             The game lasted 00:14:56 (5224 turns).

mtoz the Cleaver (Minotaur Berserker)               Turns: 5224, Time: 00:14:57

Health: 0/105      AC: 14    Str: 31    XL:     8   Next: 39%
Magic:  7/7        EV:  9    Int:  4    God:    Trog [***...]
Gold:   247        SH:  0    Dex:  9    Spells: 7/7 levels left

rFire   . . .      SeeInvis +   x - +0 war axe
rCold   . . .      Faith    .   (no shield)
rNeg    . . .      Spirit   .   g - +0 plate armour
rPois   .          Reflect  .   (helmet restricted)
rElec   .          Harm     .   f - +1 cloak
rCorr   .          Rampage  .   (no gloves)
Will    ++...                   (no boots)
Stlth   ..........              (no amulet)
HPRegen 1.27/turn               v - ring of see invisible
MPRegen 0.10/turn               G - +6 ring of strength

@: berserking (expiring), lethally poisoned (0 -> -5), strong-willed,
regenerating, very quick
A: horns 2, retaliatory headbutt
a: Renounce Religion, Berserk, Trog's Hand


You were on level 6 of the Dungeon.
You worshipped Trog.
Trog was most pleased with you.
You visited 1 branch of the dungeon, and saw 6 of its levels.

You collected 247 gold pieces.

Inventory:

Hand Weapons
 a - a +0 hand axe
 b - a +2 quarterstaff of chaos
 x - a +0 war axe (weapon)
 y - a +0 spear of flaming
 z - a +0 mace
 A - a +0 flail
 E - a +0 morningstar
Missiles
 h - 36 stones (quivered)
 m - 10 poisoned darts
 C - 5 javelins
Armour
 f - a +1 cloak (worn)
 g - a +0 plate armour (worn)
Jewellery
 v - a ring of see invisible (left hand)
 G - a +6 ring of strength (right hand)
Wands
 r - a wand of roots (6)
Scrolls
 c - a scroll of brand weapon {unknown}
 d - 2 scrolls of vulnerability {unknown}
 e - a scroll of identify
 j - a scroll of immolation {unknown}
 l - a scroll of magic mapping {unknown}
 o - 3 scrolls of teleportation {unknown}
 p - a scroll of enchant weapon {unknown}
 t - a scroll of torment {unknown}
 u - 3 scrolls of noise {unknown}
 F - a scroll of poison {unknown}
Potions
 i - 3 potions of haste
 k - a potion of ambrosia {unknown}
 n - a potion of cancellation {unknown}
 q - a potion of flight {unknown}
 s - 2 potions of mutation {unknown}
 w - a potion of berserk rage {unknown}
 B - a potion of degeneration {unknown}
 D - a potion of lignification {unknown}


   Skills:
 + Level 6.1 Fighting
 * Level 8.1 Axes
 + Level 3.9 Throwing
 + Level 5.6 Armour
 + Level 4.9 Dodging


You had 7 spell levels left.
You didn't know any spells.
Your spell library was empty.

Dungeon Overview and Level Annotations

Branches:
Dungeon (6/15)             Temple (0/1) D:4

Altars:

Shops:
D:5 (


Innate Abilities, Weirdness & Mutations

You have a pair of horns on your head.
You reflexively headbutt those who attack you in melee.


Message History

You barely miss the gnoll.
The gnoll is heavily wounded.
You feel very sick.
The gnoll is no longer moving quickly.
The gnoll hits you from afar with a +2 spear of venom.
* * * LOW HITPOINT WARNING * * *
You are more poisoned.
The gnoll hits you but does no damage. The gnoll closely misses you.
You slash the gnoll!
You kill the gnoll!
Trog accepts your kill.
* * * LOW HITPOINT WARNING * * *
You feel very sick. The gnoll barely misses you.
* * * LOW HITPOINT WARNING * * *
You feel very sick. The gnoll closely misses you. You furiously retaliate!
You headbutt the gnoll!
You kill the gnoll!
Trog accepts your kill.
Things that are here:
a +0 club; a gnoll corpse; a bullfrog corpse You barely miss the gnoll.
You closely miss the gnoll.
* * * LOW HITPOINT WARNING * * *
You feel very sick. The gnoll barely misses you. You furiously retaliate!
You headbutt the gnoll. You barely miss the gnoll. x2
You feel very sick.
The gnoll is no longer moving quickly.
The gnoll hits you but does no damage. The gnoll closely misses you.
You barely miss the gnoll. You headbutt the gnoll!
You kill the gnoll!
Trog accepts your kill.
You slash the gnoll!
You kill the gnoll!
Trog accepts your kill.
You feel very sick.
The centaur wields a +0 shortbow.
The centaur shoots an arrow.
The arrow hits you!
* * * LOW HITPOINT WARNING * * *
You die...

#....# ### ##....###
..###.......#### ####
#...#.....#....# #...#
###...########.# ..... #
##...## #.## ......
#####...######..##......
......#..##....)))......
.....#......####@##...!.
......##.#.....#c..# ...
..###......## ..#.# .
..# ###..#..####.....
..# ##.....# ##. ... ..#
###...####....#.# ..#
#...<........ # ..#
##.......##... ..#
#.......#


You could see a centaur.

Vanquished Creatures
  A wyvern (D:5)
  3 black bears (D:5)
  A phantom (D:5)
  A bullfrog (D:6)
  5 hounds
  A gnoll bouda (D:6)
  4 orc priests
  Crazy Yiuf (D:3)
  Ijyb (D:3)
  Jessica (D:3)
  An iguana (D:4)
  7 orc wizards
  5 gnolls (D:6)
  9 adders
  A shadow imp (D:5)
  2 worms
  2 dart slugs (D:4)
  22 orcs
  3 ball pythons
  7 endoplasms
  A giant cockroach (D:2)
  9 goblins
  7 hobgoblins
  3 quokkas
  5 bats
  6 frilled lizards
  6 kobolds
  8 rats
123 creatures vanquished.

Notes
Turn   | Place    | Note
-------+----------+-------------------------------------------
     0 | D:1      | mtoz the Minotaur Berserker began the quest for the Orb.
     0 | D:1      | Reached XP level 1. HP: 19/19 MP: 0/0
   235 | D:1      | Reached XP level 2. HP: 26/27 MP: 1/1
   245 | D:1      | Reached skill level 4 in Axes
   940 | D:2      | Reached XP level 3. HP: 33/33 MP: 2/2
   953 | D:2      | Reached ** piety under Trog
  1409 | D:3      | Reached skill level 1 in Throwing
  1439 | D:3      | Reached XP level 4. HP: 24/40 MP: 3/3
  1587 | D:3      | Noticed Jessica
  1597 | D:3      | Killed Jessica
  1843 | D:3      | Identified the +0 leather armour of the Were-rabbit {rF+}
  1852 | D:3      | Noticed Ijyb
  1867 | D:3      | Killed Ijyb
  1868 | D:3      | Reached skill level 5 in Axes
  1868 | D:3      | Reached XP level 5. HP: 47/47 MP: 4/4
  2190 | D:3      | Found a faded altar of an unknown god.
  2198 | D:3      | Noticed an eye of devastation
  2201 | D:3      | Noticed a floating eye
  2201 | D:3      | Noticed a shining eye
  2201 | D:3      | Noticed a shining eye
  2443 | D:3      | Found a runed translucent door.
  2444 | D:3      | Noticed Crazy Yiuf
  2734 | D:3      | Killed Crazy Yiuf
  2735 | D:3      | Reached XP level 6. HP: 45/53 MP: 5/5
  3554 | D:4      | Reached skill level 6 in Axes
  3791 | D:4      | Found a staircase to the Ecumenical Temple.
  4186 | D:5      | Entered Level 5 of the Dungeon
  4187 | D:5      | Found Mivo's Antique Weapon Emporium.
  4222 | D:5      | Reached skill level 5 in Fighting
  4253 | D:5      | Reached XP level 7. HP: 46/61 MP: 6/6
  4290 | D:5      | Reached *** piety under Trog
  4541 | D:5      | Reached skill level 7 in Axes
  4747 | D:5      | Noticed a wyvern
  4749 | D:5      | Reached skill level 5 in Armour
  4755 | D:5      | Killed a wyvern
  4756 | D:5      | Reached XP level 8. HP: 39/70 MP: 7/7
  5215 | D:6      | Reached skill level 8 in Axes
  5223 | D:6      | HP: 1/105 [centaur/arrow (7)]
  5224 | D:6      | Succumbed to a gnoll's poison

Illustrated notes

Levels and vault maps discovered:
D:1:      lemuel_arrival_hallway, layout_basic
D:2:      layout_rooms
D:3:      layout_loops_ring, hellmonk_ecumenical_altar_watching_god,
          uniq_jessica, uniq_crazy_yiuf_cottage, uniq_ijyb
D:4:      layout_basic, minmay_temple_entry_nine_rooms
D:5:      layout_rooms, serial_shops, shop, kennysheep_generic_room_16
D:6:      due_chaos_kobolds, layout_rooms, serial_shops,
          nicolae_shop_temple_entry_statues_fountains

Skill      XL: |  1  2  3  4  5  6  7  8 |
---------------+-------------------------+-----
Axes           | 4 5 6 7 8 |  8.1
Fighting       | 4 5 6 |  6.1
Armour         | 3 4 5 |  5.6
Throwing       | 1 2 3 |  3.9
Dodging        | 3 4 |  4.9

Action                   |  1- 3 |  4- 6 |  7- 9 || total
-------------------------+-------+-------+-------++-------
Melee: Hand axe          |    97 |   119 |       ||   216
       Headbutt          |    12 |    19 |    13 ||    44
       Punch             |     1 |       |       ||     1
       War axe           |       |    13 |    82 ||    95
Throw: Javelin           |     3 |    11 |     1 ||    15
       Throwing net      |     1 |       |       ||     1
       Stone             |       |       |     9 ||     9
Invok: Trog's Hand       |       |     3 |     3 ||     6
       Berserk           |       |     2 |     3 ||     5
  Use: Scroll            |       |     2 |       ||     2
       Potion            |       |       |     1 ||     1
Armor: Scale mail        |     9 |       |       ||     9
       Plate armour      |    41 |    62 |    70 ||   173
Dodge: Dodged            |    47 |    37 |    55 ||   139
